 Dungeon Crawl Stone Soup version 0.31.0-11-ge490571c62 (webtiles) character file.

Game seed: 11778183587137906038

2585 qw the Skirmisher (level 9, -1/45 HPs)
             Began as a Spriggan Hunter on Feb 4, 2024.
             Was an Initiate of Okawaru.
             Succumbed to a hornet's poison
             ... on level 8 of the Dungeon.
             The game lasted 00:00:30 (6670 turns).

qw the Skirmisher (Spriggan Hunter)                 Turns: 6670, Time: 00:00:30

Health: -1/45      AC:  6    Str:  7    XL:     9   Next: 32%
Magic:  10/10      EV: 25    Int: 10    God:    Okawaru [......]
Gold:   381        SH:  0    Dex: 23    Spells: 8/8 levels left

rFire   . . .        o - +0 orcbow
rCold   . . .        (shield currently unavailable)
rNeg    . . .        h - +0 troll leather armour {Pargi}
rPois   .            t - +1 hat
rElec   .            g - +1 cloak
rCorr   +            (gloves unavailable)
SInv    +            (boots unavailable)
Will    ++...        (no amulet)
Stlth   ++           j - ring of willpower
HPRegen 1.07/turn    l - ring of resist corrosion
MPRegen 0.12/turn

%: no passive effects
@: lethally poisoned (-1 -> -7), slowed, quick
A: very small, no large weapons, unfitting armour, see invisible, speed 3
a: Renounce Religion


You were on level 8 of the Dungeon.
You worshipped Okawaru.
Okawaru was noncommittal.
You visited 2 branches of the dungeon, and saw 9 of its levels.
You also visited: Sewer.

You collected 381 gold pieces.


Innate Abilities, Weirdness & Mutations

You are very small and have problems with some larger weapons.
You are too small for most types of armour.
You have supernaturally acute eyesight. (SInv)
You cover ground extremely quickly. (Speed+++)


   Skills:
 - Level 4.1 Fighting
 + Level 10.2 Ranged Weapons
 - Level 10.0 Dodging
 - Level 1.5 Stealth


You had 8 spell levels left.
You didn't know any spells.
Your spell library was empty.

Inventory:

Hand Weapons
 o - a +0 orcbow (weapon)
Armour
 g - a +1 cloak (worn)
 h - a +0 troll leather armour (worn) {Pargi}
 t - a +1 hat (worn)
Jewellery
 j - a ring of willpower (left hand)
 l - a ring of resist corrosion (right hand)
 q - a ring of resist corrosion
Wands
 b - a wand of digging (5)
 e - a wand of polymorph (21)
 m - a wand of paralysis (1) (quivered)
Scrolls
 i - a scroll of teleportation
Potions
 c - 2 potions of might
 d - a potion of mutation
 f - 3 potions of enlightenment
 k - 2 potions of cancellation
 n - a potion of curing {unknown}
 p - a potion of berserk rage {unknown}
 r - a potion of resistance {unknown}

Dungeon Overview and Level Annotations

Branches:
Dungeon (8/15)             Temple (1/1) D:7           Sewer (visited)
   Lair: D:8-11

Altars:
Ashenzari
Cheibriados
Dithmenos
Elyvilon
Fedhas
Gozag
Hepliaklqana
Kikubaaqudgha
Makhleb
Nemelex Xobeh
Okawaru
Qazlal
Ru
Trog
Uskayaw
Vehumet
Wu Jian
Xom
Yredelemnul
Zin
The Shining One

Shops:
D:1 *   D:6 :

Portals:
Abyss: D:3

Annotations:
D:3 2 transporters, qw's ghost, amateur SpHu
D:5 3 runed translucent doors, qw's ghost, novice DEHu
D:6 2 runed translucent doors, qw's ghost, novice SpHu
D:8 1 transporter


Message History

The hornet barely misses you. The hornet closely misses you.
You shoot an arrow. The arrow misses the hornet.
The hornet stings you!
You feel yourself slow down.
6665 ||| ZAPPING wand of paralysis (5) at -1,0 (hornet; floor).
Aiming: Paralyse
Press: ? - help, Q - select action, (/) - cycle Shift-Dir - straight line, f/p - hornet The hornet resists with some effort.
The hornet barely misses you. The hornet stings you.
You suddenly lose the ability to move!
The hornet stings you!
You feel as though you will be slow longer.
The hornet stings you!
You feel as though you will be slow longer.
You can move again.
6667 ||| READING 2 scrolls of teleportation.
As you read the scroll of teleportation, it crumbles to dust.
You feel strangely unstable. The hornet completely misses you.
The hornet barely misses you.
6668 ||| ZAPPING wand of paralysis (4) at -1,0 (hornet; floor).
Aiming: Paralyse
Press: ? - help, Q - select action, (/) - cycle Shift-Dir - straight line, f/p - hornet The hornet resists with some effort.
The hornet stings you.
You are poisoned.
You feel as though you will be slow longer.
The hornet misses you. The hornet stings you.
You are lethally poisoned!
You feel as though you will be slow longer.
6669 ||| ZAPPING wand of paralysis (3) at -1,0 (hornet; floor).
Aiming: Paralyse
Press: ? - help, Q - select action, (/) - cycle Shift-Dir - straight line, f/p - hornet The hornet resists with some effort.
You feel extremely sick. The hornet completely misses you.
The hornet misses you.
6670 ||| ZAPPING wand of paralysis (2) at -1,0 (hornet; floor).
Aiming: Paralyse
Press: ? - help, Q - select action, (/) - cycle Shift-Dir - straight line, f/p - hornet The hornet resists with some effort.
Your surroundings seem slightly different.
Found a potion of haste.
You die...

............# #
8.....8......###.#.
!.................. .##
..............#... ...<
...>...........# ..#.
..(............#
###.#.##...............#
..#.#....8.....8y¤.....#
~.#.##..........@#######
~¤#.#..#................
#'#.#.y#%##..######.....
#...#..#.##. ....
.#..#.....# # +#.
.#....##..# .#
......#...# ..#.#
#...#.#.y##.....#
###.#.#..<.......


You could see a hornet.

Vanquished Creatures
  2 steam dragons
  A vampire mosquito (D:7)
  Menkaure (D:7)
  Duvessa (D:6)
  Pargi (Sewer)
  An ice beast (D:5)
  A black bear (D:5)
  An ogre (D:5)
  2 centaurs
  A phantom (D:6)
  Blork the orc (D:4)
  3 bullfrogs
  A gnoll sergeant (D:7)
  4 scorpions
  2 wights (D:7)
  Dowan (D:6)
  2 bombardier beetles
  3 hounds
  2 orc priests
  A jelly (D:6)
  A sleepcap (D:5)
  3 iguanas
  2 orc wizards
  5 gnolls (D:7)
  10 adders
  A white imp (D:6)
  2 ufetubi (D:6)
  A ribbon worm (D:5)
  2 dart slugs
  15 orcs
  8 ball pythons
  8 bats
  12 endoplasms
  4 giant cockroaches
  10 goblins
  12 hobgoblins
  8 jackals
  6 kobolds
  4 quokkas
  3 frilled lizards
  9 rats
158 creatures vanquished.

Vanquished Creatures (others)
  A killer bee (D:8)
1 creature vanquished.

Grand Total: 159 creatures vanquished

Notes
Turn   | Place    | Note
-------+----------+-------------------------------------------
     0 | D:1      | qw the Spriggan Hunter began the quest for the Orb.
     0 | D:1      | Reached XP level 1. HP: 10/10 MP: 2/2
     0 | D:1      | 0 ||| qw: Version: 0.3-a-160-g6735b56
     0 | D:1      | 0 ||| qw: Game counter: 5238
     0 | D:1      | 0 ||| qw: Melee chars always use a shield: true
     0 | D:1      | 0 ||| qw: God list: Okawaru
     0 | D:1      | 0 ||| qw: Allow faded altars: false
     0 | D:1      | 0 ||| qw: Do Orc after clearing Dungeon:15 true
     0 | D:1      | 0 ||| qw: Do second Lair branch before Depths: true
     0 | D:1      | 0 ||| qw: Lair rune preference: random
     0 | D:1      | 0 ||| qw: Goals: Normal
     0 | D:1      | 0 ||| PLANNING D:1-11
    65 | D:1      | Reached skill level 3 in Dodging
    87 | D:1      | Found Xuuwot's General Store.
    97 | D:1      | 97 ||| SHOPLISTING +6 ring of strength (504 gold, have 11).
    97 | D:1      | 97 ||| SHOPLISTING ring of protection from cold (350 gold,
                  | have 11).
   132 | D:1      | Reached XP level 2. HP: 14/14 MP: 3/3
   462 | D:1      | Reached XP level 3. HP: 18/18 MP: 4/4
   587 | D:1      | Found a faded altar of an unknown god.
  1052 | D:1      | 1052 ||| UPGRADING to +0 cloak.
  1067 | D:1      | 1067 ||| READING scroll labelled DESKEY MIEGGE.
  1174 | D:1      | 1174 ||| DRINKING 2 lumpy brown potions.
  1189 | D:1      | 1189 ||| DROPPING scroll of butterflies.
  1190 | D:1      | 1190 ||| DROPPING potion of attraction.
  1327 | D:2      | Reached XP level 4. HP: 22/22 MP: 5/5
  1734 | D:2      | 1734 ||| READING scroll labelled FAYMEU LOEM.
  1734 | D:2      | 1734 ||| BRANDING +0 shortbow.
  1735 | D:2      | 1735 ||| READING scroll labelled ZOGEACEANT.
  1739 | D:2      | 1739 ||| DRINKING 2 dark potions.
  1776 | D:3      | Noticed a small abomination
  1778 | D:3      | Found a transporter.
  1788 | D:3      | Noticed a small abomination
  1920 | D:3      | Found a transporter.
  1939 | D:3      | Found a one-way gate to the infinite horrors of the Abyss.
  1939 | D:3      | Noticed qw's ghost (amateur SpHu)
  2365 | D:3      | 2365 ||| UPGRADING to ring of willpower.
  2366 | D:3      | 2366 ||| DROPPING ring of flight.
  2367 | D:3      | 2367 ||| READING 2 scrolls labelled WIARAI LUUMA.
  2367 | D:3      | 2367 ||| IDENTIFYING silvery potion
  2368 | D:3      | 2368 ||| READING scroll of identify.
  2368 | D:3      | 2368 ||| IDENTIFYING sapphire potion
  2394 | D:4      | 2394 ||| PLANNING SEWER
  2396 | D:4      | 2396 ||| STAIRDANCE
  2405 | D:3      | Reached XP level 5. HP: 22/26 MP: 6/6
  2491 | D:4      | Noticed Blork the orc
  2500 | D:4      | 2500 ||| DRINKING potion of haste.
  2509 | D:4      | HP: 4/26 [Blork the orc/puff of frost (8)]
  2510 | D:4      | 2510 ||| READING 3 scrolls of teleportation.
  2514 | D:4      | Killed Blork the orc
  2515 | D:4      | Reached skill level 6 in Ranged Weapons
  2515 | D:4      | Reached XP level 6. HP: 6/30 MP: 7/7
  2669 | D:4      | 2669 ||| FLEEEEING.
  2670 | D:4      | 2670 ||| FLEEEEING.
  2671 | D:4      | 2671 ||| FLEEEEING.
  2778 | D:4      | Found a glowing drain.
  2790 | D:4      | 2790 ||| DROPPING scarf of harm.
  2791 | D:4      | 2791 ||| READING scroll of identify.
  2791 | D:4      | 2791 ||| IDENTIFYING scroll labelled ADAFUE KUHE
  2792 | D:4      | 2792 ||| READING scroll labelled IMIANI AWKAH.
  2893 | D:4      | 2893 ||| READING scroll labelled BODDOS TAIMOM.
  2894 | D:4      | 2894 ||| DROPPING scroll of poison.
  2942 | Sewer    | Entered a sewer
  2950 | Sewer    | Reached skill level 6 in Dodging
  2996 | Sewer    | Noticed Pargi
  2997 | Sewer    | 2997 ||| DRINKING potion of haste.
  3005 | Sewer    | Killed Pargi
  3041 | Sewer    | 3041 ||| UPGRADING to +0 troll leather armour {Pargi}.
  3051 | Sewer    | 3051 ||| DROPPING +0 robe.
  3052 | Sewer    | 3052 ||| READING scroll of identify.
  3052 | Sewer    | 3052 ||| IDENTIFYING bubbling sapphire potion
  3053 | Sewer    | 3053 ||| READING scroll labelled JYOKHL ZUXZUEG.
  3054 | Sewer    | 3054 ||| READING scroll labelled RELIMOEPOBOIS.
  3072 | D:4      | 3072 ||| PLANNING D:1-11
  3428 | D:5      | Entered Level 5 of the Dungeon
  3436 | D:5      | Reached XP level 7. HP: 35/35 MP: 8/8
  3578 | D:5      | Found a runed translucent gate.
  3578 | D:5      | Found a runed translucent gate.
  3578 | D:5      | Found a runed translucent gate.
  3581 | D:5      | Found an opulent altar of Gozag.
  3868 | D:5      | Identified the +7 mace of the Scorching Pariah {spect, rF+
                  | Dex+4}
  4098 | D:5      | HP: 7/35 [burnt (4)]
  4477 | D:5      | Noticed qw's ghost (novice DEHu)
  4523 | D:5      | Reached XP level 8. HP: 39/39 MP: 9/9
  4699 | D:5      | 4699 ||| UPGRADING to ring of resist corrosion.
  4740 | D:6      | Found Weahogh's Vocational Training.
  4743 | D:6      | Noticed Duvessa
  4744 | D:6      | Noticed Dowan
  4750 | D:6      | Killed Duvessa
  4751 | D:6      | Reached skill level 3 in Fighting
  4753 | D:6      | 4753 ||| ZAPPING wand of paralysis (8) at -1,3 (Dowan;
                  | floor).
  4756 | D:6      | Killed Dowan
  5114 | D:6      | HP: 3/40 [steam dragon/ball of steam (15)]
  5115 | D:6      | 5115 ||| READING 5 scrolls of teleportation.
  5117 | D:6      | Reached skill level 9 in Ranged Weapons
  5201 | D:6      | Found a runed translucent door.
  5202 | D:6      | Noticed qw's ghost (novice SpHu)
  5214 | D:6      | 5214 ||| FLEEEEING.
  5215 | D:6      | 5215 ||| FLEEEEING.
  5235 | D:6      | 5235 ||| SWAPPING to +0 orcbow.
  5236 | D:6      | 5236 ||| DROPPING +0 shortbow of draining.
  5410 | D:6      | Found a runed translucent door.
  5523 | D:6      | 5523 ||| READING scroll of identify.
  5523 | D:6      | 5523 ||| IDENTIFYING black potion
  5524 | D:6      | 5524 ||| READING scroll labelled FIAMAI YRAOPI.
  5525 | D:6      | 5525 ||| READING scroll labelled ITHRAE DEEMIA.
  5525 | D:6      | 5525 ||| ENCHANTING +0 cloak.
  5647 | D:7      | 5647 ||| FLEEEEING.
  5650 | D:7      | 5650 ||| FLEEEEING.
  5659 | D:7      | Reached skill level 9 in Dodging
  5690 | D:7      | 5690 ||| RETREEEEATING.
  5694 | D:7      | 5694 ||| RETREEEEATING.
  5695 | D:7      | 5695 ||| RETREEEEATING.
  5697 | D:7      | 5697 ||| RETREEEEATING.
  5731 | D:7      | Reached XP level 9. HP: 19/44 MP: 10/10
  5732 | D:7      | HP: 11/44 [gnoll/+0 spear[a gnoll sergeant] (5)]
  5733 | D:7      | 5733 ||| READING 4 scrolls of teleportation.
  5781 | D:7      | Noticed Menkaure
  5785 | D:7      | Killed Menkaure
  5808 | D:7      | HP: 9/44 [vampire mosquito (10)]
  5809 | D:7      | 5809 ||| READING 3 scrolls of teleportation.
  5852 | D:7      | Found a staircase to the Ecumenical Temple.
  5853 | D:7      | 5853 ||| PLANNING TEMPLE
  5860 | Temple   | Entered the Ecumenical Temple
  5861 | Temple   | 5861 ||| PLANNING OKAWARU WORSHIP
  5869 | Temple   | Became a worshipper of Warmaster Okawaru
  5870 | Temple   | 5870 ||| PLANNING D:1-11
  6134 | D:7      | Identified the +7 ring mail of Gozag {Fly Str+3}
  6380 | D:7      | 6380 ||| UPGRADING to +1 hat.
  6385 | D:7      | 6385 ||| READING scroll of identify.
  6385 | D:7      | 6385 ||| IDENTIFYING purple potion
  6386 | D:7      | 6386 ||| READING scroll labelled MIZIETATIH.
  6471 | D:8      | Found a transporter.
  6575 | D:8      | 6575 ||| Stepping ~*~*~tactically~*~*~ (cloud).
  6579 | D:8      | 6579 ||| FLEEEEING.
  6580 | D:8      | 6580 ||| FLEEEEING.
  6581 | D:8      | 6581 ||| FLEEEEING.
  6586 | D:8      | 6586 ||| ZAPPING wand of paralysis (7) at 1,-1 (hornet;
                  | floor).
  6587 | D:8      | 6587 ||| ZAPPING wand of paralysis (6) at 1,-1 (hornet;
                  | floor).
  6588 | D:8      | 6588 ||| FLEEEEING.
  6589 | D:8      | 6589 ||| FLEEEEING.
  6590 | D:8      | 6590 ||| STAIRDANCE
  6618 | D:8      | HP: 11/45 [hornet (13)]
  6619 | D:8      | 6619 ||| READING 3 scrolls of teleportation.
  6620 | D:8      | 6620 ||| DRINKING potion of heal wounds.
  6665 | D:8      | 6665 ||| ZAPPING wand of paralysis (5) at -1,0 (hornet;
                  | floor).
  6665 | D:8      | Paralysed by a hornet for 2 turns
  6666 | D:8      | HP: 10/45 [hornet (11)]
  6667 | D:8      | 6667 ||| READING 2 scrolls of teleportation.
  6668 | D:8      | 6668 ||| ZAPPING wand of paralysis (4) at -1,0 (hornet;
                  | floor).
  6669 | D:8      | 6669 ||| ZAPPING wand of paralysis (3) at -1,0 (hornet;
                  | floor).
  6669 | D:8      | HP: 1/45 [poisoned by a hornet]
  6670 | D:8      | 6670 ||| ZAPPING wand of paralysis (2) at -1,0 (hornet;
                  | floor).
  6670 | D:8      | Succumbed to a hornet's poison

Levels and vault maps discovered:
D:1:      lightli_molten_gateway, layout_basic, serial_shops,
          nicolae_shop_advertising_works [nicolae_subvault_shop_adworks],
          ebering_ecumenical_altar_mist, minmay_split_cup_large
D:2:      layout_basic
D:3:      layout_loops_ring, gammafunk_ghost_abyssal_escape
D:4:      layout_loops_ring, gup_sewer_entry_glass, uniq_blork_the_orc
D:5:      layout_layer_cave, ebering_ghost_gozag, nicolae_figureground_sparkle
D:6:      layout_loops_ring, ebering_ghost_sewer_f, nicolae_shop_vocational,
          uniq_duvessa
D:7:      minmay_evil_eye, layout_loops_ring,
          minmay_temple_entry_drinking_statues, minmay_microvault, uniq_menkaure
D:8:      layout_basic, kennysheep_mini_moat, minmay_misc_feat_cross,
          kennysheep_nondescript, st_stairs_1, nicolae_transporter_intersection,
          uniq_prince_ribbit1
Temple:   compressed_dpeg_triangle_lava_temple

Skill      XL: |  1  2  3  4  5  6  7  8  9 |
---------------+----------------------------+-----
Dodging        | 3 4 5 6 7 9 10 | 10.0
Ranged Weapons | 5 6 7 8 9 10 | 10.2
Fighting       | 2 3 4 |  4.1
Stealth        | |  1.5

Action                     |  1- 3 |  4- 6 |  7- 9 || total
---------------------------+-------+-------+-------++-------
   Fire: Shortbow          |   100 |   169 |   134 ||   403
         Orcbow            |       |       |   117 ||   117
  Evoke: Wand              |       |       |     7 ||     7
    Use: Scroll            |     1 |    11 |    10 ||    22
         Potion            |     1 |     3 |     1 ||     5
 Armour: Robe              |     6 |    17 |       ||    23
         Troll leather arm |       |     2 |    64 ||    66
  Dodge: Dodged            |    19 |    70 |   149 ||   238

Table legend:
 A = Non-vault XP
 B = Vault XP
 C = Vault XP percentage of total XP
 D = Non-vault monster count
 E = Vault monster count
 F = Vault count percentage of total count
                 A         B        C        D         E       F
            +---------+---------+-------+---------+---------+-------
      Total |    2410 |    1284 |  34.8 |     136 |      22 |  13.9
            +---------+---------+-------+---------+---------+-------
        D:1 |      70 |       8 |  10.3 |      37 |       4 |   9.8
        D:2 |      65 |       0 |   0.0 |      25 |       0 |   0.0
        D:3 |      76 |       0 |   0.0 |      13 |       0 |   0.0
        D:4 |     208 |     152 |  42.2 |      20 |       6 |  23.1
        D:5 |     740 |       0 |   0.0 |      14 |       0 |   0.0
        D:6 |     761 |     215 |  22.0 |      12 |       2 |  14.3
        D:7 |     400 |     583 |  59.3 |      14 |       5 |  26.3
        D:8 |      90 |     183 |  67.0 |       1 |       1 |  50.0
      Sewer |       0 |     143 | 100.0 |       0 |       4 | 100.0
            +---------+---------+-------+---------+---------+-------
